 Dungeon Crawl Stone Soup version 0.30.1-10-g1249ef9ec4 (webtiles) character file.

Game seed: 1894969501290587599

408 pkoi the Insei (level 6, -2/51 (53) HPs)
             Began as a Draconian Monk on Oct 26, 2023.
             Slain by a wight
             ... wielding a +5 great sword
              (16 damage)
             ... on level 4 of the Dungeon.
             The game lasted 00:06:14 (3514 turns).

pkoi the Insei (Draconian Monk)                     Turns: 3514, Time: 00:06:14

HP:   -2/51 (53)    AC:  9    Str: 13    XL:     6   Next: 57%
MP:   6/6           EV: 13    Int: 12    God:
Gold: 127           SH:  0    Dex: 14    Spells: 5/5 levels left

rFire   . .          .
                       - Unarmed
rCold   . . .        (no shield)
rNeg    . . .        (body armour unavailable)
rPois   .            i - +1 hat
rElec   .            (no cloak)
rCorr   .            f - +0 pair of gloves
SInv    +            g - +0 pair of boots
Will    .....        (no amulet)
Stlth   +            (no ring)
HPRegen 0.28/turn    (no ring)
MPRegen 0.10/turn

%: no passive effects
@: lightly drained
A: AC +6, unfitting armour, cold-blooded, see invisible
a: no special abilities


You were on level 4 of the Dungeon.
You visited 1 branch of the dungeon, and saw 4 of its levels.

You collected 270 gold pieces.
You spent 143 gold pieces at shops.

Inventory:

Hand Weapons
 h - a +2 dagger of venom
 r - a +6 club
Missiles
 c - 5 javelins
 e - 5 boomerangs (quivered)
 q - a throwing net
Armour
 b - an orb of light
 f - a +0 pair of gloves (worn)
 g - a +0 pair of boots (worn)
 i - a +1 hat (worn)
Wands
 j - a wand of flame (14)
 t - a wand of iceblast (8)
Scrolls
 l - 3 scrolls of teleportation
 m - a scroll of silence
 o - a scroll of immolation
 p - a scroll of fear
Potions
 a - 2 potions of ambrosia
 d - 3 potions of curing
 k - a potion of haste
 n - a potion of might


   Skills:
 + Level 4.5 Fighting
 + Level 3.7 Dodging
 + Level 6.2 Unarmed Combat
 + Level 0.5 Evocations


You had 5 spell levels left.
You didn't know any spells.
Your spell library was empty.

Dungeon Overview and Level Annotations

Branches:
Dungeon (4/15)
 Temple: D:4-7

Altars:

Shops:
D:3 ![=(*


Innate Abilities, Weirdness & Mutations

Your plain brown scales are hard. (AC +6)
You cannot fit into any form of body armour.
You are cold-blooded and may be slowed by cold attacks.
You have supernaturally acute eyesight. (SInv)


Message History

The kobold is moderately wounded.
You hit the kobold.
You kill the kobold!
No target in view!
No target in view!
No target in view!
No target in view!
No target in view!
No target in view!
No target in view!
No target in view!
No target in view!
You see here a +0 dagger.
A wight comes into view. It is wielding a +5 great sword.
There is an open door here.
A wight is nearby!
A wight is nearby! 2 wights come into view.
You punch the wight!
The wight is heavily damaged.
The wight completely misses you.
You hit the wight.
The wight is heavily damaged.
The wight misses you.
You hit the wight.
The wight is severely damaged.
The wight hits you with a +5 great sword!!
You closely miss the wight.
The wight is severely damaged.
The wight barely misses you.
You closely miss the wight.
Your tail-slap misses the wight.
Your punch misses the wight.
The wight is severely damaged.
The wight hits you with a +5 great sword!!
You feel drained.
* * * LOW HITPOINT WARNING * * *
You completely miss the wight.
The wight is severely damaged.
The wight hits you with a +5 great sword!
You die...

#.# #....)............
#.# #.................
#######)##
#.................
#........#
#.................
#........#
#.................
#........#
########..#######.
#........# ##..# #.
#........############.##
#. #........'..@zzz..#
#..######
#........########.#
##.##.##( #########.
#....#.( .# ##..>### .#
###.# # .# #.# .# #.# .#
#.# #.#


You could see 3 wights.

Vanquished Creatures
  An ogre (D:4)
  A hound (D:3)
  An orc priest (D:4)
  Terence (D:3)
  Ijyb (D:4)
  A gnoll (D:2)
  9 adders
  A shadow imp (D:3)
  A dart slug (D:1)
  4 orcs (D:4)
  6 bats
  11 endoplasms
  2 giant cockroaches
  9 goblins
  13 hobgoblins
  4 quokkas
  9 ball pythons
  7 frilled lizards
  7 kobolds
  26 rats
115 creatures vanquished.

Notes
Turn   | Place    | Note
-------+----------+-------------------------------------------
     0 | D:1      | pkoi the Draconian Monk began the quest for the Orb.
     0 | D:1      | Reached XP level 1. HP: 19/19 MP: 1/1
    40 | D:1      | Reached XP level 2. HP: 26/26 MP: 2/2
   180 | D:1      | Reached skill level 4 in Unarmed Combat
   253 | D:1      | Gained mutation: You have supernaturally acute eyesight.
                  | (SInv) [potion of mutation]
   505 | D:1      | Reached XP level 3. HP: 31/31 MP: 3/3
   512 | D:1      | Found a faded altar of an unknown god.
  1184 | D:2      | Reached XP level 4. HP: 38/38 MP: 4/4
  1473 | D:2      | Reached skill level 5 in Unarmed Combat
  1771 | D:3      | Found Hatiuthro's Distillery.
  1781 | D:3      | Bought a potion of degeneration for 13 gold pieces
  1781 | D:3      | Bought a potion of haste for 130 gold pieces
  1860 | D:3      | Found Lubehah's Jewellery Shop.
  1866 | D:3      | Noticed Terence
  1888 | D:3      | Killed Terence
  1889 | D:3      | Reached XP level 5. HP: 40/45 MP: 5/5
  1937 | D:3      | Found Epsus's Weapon Emporium.
  2084 | D:3      | Found Noruonn's General Store.
  2221 | D:3      | Found Hoerig's Antique Armour Boutique.
  2512 | D:4      | Noticed Ijyb
  2533 | D:4      | Killed Ijyb
  2985 | D:4      | Reached XP level 6. HP: 52/52 MP: 6/6
  3055 | D:4      | Reached skill level 6 in Unarmed Combat
  3514 | D:4      | Slain by a wight

Illustrated notes

Levels and vault maps discovered:
D:1:      dpeg_arrival_boxorama, layout_rooms,
          ebering_ecumenical_altar_petrified
D:2:      layout_basic, st_stairs_9, minmay_small_reverse_x
D:3:      minmay_chambers_of_twos, layout_basic, serial_shops,
          nicolae_shop_trees, shop, nicolae_shop_pleasant_corner_grove,
          nicolae_lakefront_shop, shop, uniq_terence
D:4:      layout_basic, minmay_rat_hole, uniq_duvessa, uniq_ijyb

Skill      XL: |  1  2  3  4  5  6 |
---------------+-------------------+-----
Unarmed Combat | 4 5 6 |  6.2
Dodging        | 3 |  3.7
Fighting       | 4 |  4.5
Evocations     | |  0.5

Action                     |  1- 3 |  4- 6 || total
---------------------------+-------+-------++-------
  Melee: Unarmed           |    86 |   260 ||   346
         Tailslap          |    12 |    30 ||    42
         Dagger            |    19 |       ||    19
         Punch             |     1 |     5 ||     6
  Throw: Boomerang         |       |     1 ||     1
         Throwing net      |       |     1 ||     1
  Evoke: Wand              |       |     3 ||     3
    Use: Scroll            |     4 |     6 ||    10
         Potion            |     4 |       ||     4
   Stab: Sleeping          |       |     2 ||     2
         Held in net/web   |       |     1 ||     1
 Armour: Skin              |    26 |    98 ||   124
  Dodge: Dodged            |    81 |   159 ||   240
